 Dungeon Crawl Stone Soup version 0.31-a0-844-gdc52ec4e09 (webtiles) character file.

Game seed: 15020748480391653089

2994 javelincjr the Covert (level 9, 0/45 HPs)
             Began as an Octopode Hedge Wizard on Sept 27, 2023.
             Was a Believer of Hepliaklqana.
             Slain by a warg (13 damage)
             ... on level 8 of the Dungeon on Sept 28, 2023.
             The game lasted 00:38:36 (8837 turns).

javelincjr the Covert (Octopode Hedge Wizard)       Turns: 8837, Time: 00:38:36

Health: 0/45       AC:  3    Str:  9    XL:     9   Next: 83%
Magic:  13/17      EV: 14    Int: 21    God:    Hepliaklqana [**....]
Gold:   260        SH:  0    Dex: 11    Spells: 13/19 levels left

rFire   . . .        y - +4 trident (vamp)
rCold   . . .        (no shield)
rNeg    . . .        r - +2 hat {SInv}
rPois   .            i - amulet of the acrobat
rElec   .            (no ring)
rCorr   .            (no ring)
SInv    +            (no ring)
Will    .....        (no ring)
Stlth   +++++        (no ring)
HPRegen 0.27/turn    (no ring)
MPRegen 0.15/turn    (no ring)
                     (no ring)

%: acrobat
@: no status effects
A: reduced essence, almost no armour, amphibious, 8 rings, camouflage 1,
gelatinous body 1, (nimble swimmer 1), tentacles
a: Renounce Religion, Recall Ancestor, Ancestor Identity


You were on level 8 of the Dungeon.
You worshipped Hepliaklqana.
Hepliaklqana was pleased with you.
You visited 2 branches of the dungeon, and saw 9 of its levels.

You collected 358 gold pieces.
You spent 98 gold pieces at shops.

Inventory:

Hand Weapons
 a - a +0 dagger
 e - a +2 vampiric hand axe
 f - a +0 trident of freezing
 h - a +3 quarterstaff of chaos
 p - a +0 mace of holy wrath
 q - a +0 spear
 y - a +4 vampiric trident (weapon)
Missiles
 g - 2 javelins
Armour
 b - a +0 hat
 r - a +2 hat of see invisible (worn)
 z - an orb of energy
Jewellery
 d - the ring "Fesmoi" {Fly rElec Str+6 Dex-3 Stlth+}
   (You found it on level 6 of the Dungeon)

   [ring of strength]

   Str+6:     It affects your strength (+6).
   Dex-3:     It affects your dexterity (-3).
   rElec:     It insulates you from electricity.
   Fly:       It grants you flight.
   Stlth+:    It makes you more stealthy.
 i - an amulet of the acrobat (around mantle)
Wands
 x - a wand of mindburst (5)
 B - a wand of iceblast (6)
Scrolls
 k - 3 scrolls of noise
 n - a scroll of fog
 s - a scroll of teleportation
 u - 2 scrolls of amnesia
 w - a scroll of blinking
 A - a scroll of revelation
Potions
 c - a potion of magic
 j - 2 potions of curing
 l - 2 potions of attraction
 m - a potion of heal wounds
 o - a potion of lignification {unknown}
 t - a potion of might {unknown}
 v - 2 potions of haste
 C - a potion of invisibility {unknown}
 D - a potion of ambrosia {unknown}


   Skills:
 + Level 5.7 Dodging
 + Level 8.3 Stealth
 + Level 5.8 Spellcasting
 + Level 5.5 Conjurations
 + Level 5.3 Summonings
 + Level 5.2 Translocations


You had 13 spell levels left.
You knew the following spells:

 Your Spells              Type           Power      Damage    Failure   Level
a - Magic Dart            Conj           100%       1d8       1%          1
b - Call Imp              Summ           56%        N/A       1%          2
c - Blink                 Tloc           56%        N/A       1%          2
d - Slow                  Hex            24%        N/A       10%         1

Your spell library contained the following spells:

 Spells                   Type           Power      Damage    Failure   Level
 Lesser Beckoning         Tloc           56%        N/A       1%          2
 Momentum Strike          Conj/Tloc      56%        3d9       1%          2
 Call Canine Familiar     Summ           28%        N/A       3%          3
 Necrotise                Necr           24%        1d5       10%         1
 Summon Guardian Golem    Hex/Summ       17%        N/A       10%         3
 Mephitic Cloud           Conj/Pois/Air  13%        N/A       14%         3
 Cigotuvi's Dreadful Rot  Necr/Pois/Air  12%        N/A       16%         2
 Sigil of Binding         Hex            6%         N/A       30%         3
 Vampiric Draining        Necr           6%         2d6       30%         3
 Dimensional Bullseye     Hex/Tloc       8%         N/A       32%         4
 Leda's Liquefaction      Hex/Erth       3%         N/A       69%         4
 Agony                    Necr           6%         N/A       95%         5
 Orb of Destruction       Conj           14%        9d7       100%        7
 Spellforged Servitor     Conj/Summ      14%        N/A       100%        7


Dungeon Overview and Level Annotations

Branches:
Dungeon (8/15)             Temple (1/1) D:7
   Lair: D:8-11

Altars:
Ashenzari
Cheibriados
Dithmenos
Elyvilon
Fedhas
Gozag
Hepliaklqana
Kikubaaqudgha
Makhleb
Nemelex Xobeh
Okawaru
Ru
Uskayaw
Vehumet
Wu Jian
Xom
Yredelemnul
Zin
The Shining One

Shops:
D:4 (   D:5 *   D:6 :


Innate Abilities, Weirdness & Mutations

Your life essence is reduced to manifest your ancestor. (-10% HP)
You cannot wear most types of armour.
You are amphibious.
You can wear up to eight rings at the same time.
Your skin changes colour to match your surroundings (Stealth+).
Your rubbery body absorbs attacks. (AC +1, EV +1)
((You are camouflaged when in or above water. (Stealth+)))
You have tentacles for arms and can constrict up to eight enemies at once.


Message History

The warg is moderately wounded.
The orc misses you.
You puncture the warg!
You feel better.
Your squeeze misses the warg.
The warg is heavily wounded.
The warg bites you.
Your cerulean imp barely misses the warg.
The orc barely misses you. The warg misses you.
You hit the warg.
The warg is severely wounded.
Your cerulean imp hits the warg from afar with a -2 spear.
The warg closely misses you.
The orc hits you from afar with a +0 trident.
Your cerulean imp misses the warg.
The warg bites you! The orc closely misses you.
You swap places.
The warg bites your cerulean imp!
Your cerulean imp closely misses the warg.
You are too injured to fight recklessly!
You are too injured to fight recklessly!
You are too injured to fight recklessly!
Reach: y) +4 trident (vamp)
Press: ? - help, Dir - move target, f/p - warg
Aim: a warg (almost dead, ally target, about 49% to evade your +4 vampiric trident)
You could not reach far enough!
The warg bites your cerulean imp.
Your cerulean imp dies!
Your cerulean imp disappears in a puff of smoke!
An orc warrior comes into view. It is wielding a +0 dire flail.
Reach: y) +4 trident (vamp)
Press: ? - help, Dir - move target, f/p - warg
Aim: a warg (almost dead, about 49% to evade your +4 vampiric trident)
You closely miss the warg. You squeeze the warg.
The warg is almost dead.
The warg closely misses you. The orc barely misses you.
Casting: Call Imp (safe; 1% risk of failure)
Confirm with . or Enter, or press ? or * to list all spells.
A tiny devil pulls itself out of the air.
The warg barely misses you.
The orc hits you from afar with a +0 trident.
* * * LOW HITPOINT WARNING * * *
The warg bites you!
You die...

#### ..# #.# ##.##
# ######5..##.##
#........<...#
...####.@.##......
##h## ###.# #o#
).# #... #o## #.
#. ..


You could see a warg (ally target), an orc warrior, an orc and a friendly
cerulean imp (summoned).

Vanquished Creatures
  Grinder (D:5)
  Sigmund (D:2)
  A warg (D:8)
  A water moccasin (D:5)
  A sky beast (D:7)
  2 black bears
  An ogre (D:5)
  A phantom (D:5)
  2 bullfrogs (D:7)
  2 scorpions
  3 hounds
  Terence (D:2)
  2 orc wizards (D:6)
  3 iguanas
  A gnoll (D:5)
  10 adders
  A white imp (D:5)
  An ufetubus (D:6)
  3 worms
  2 dart slugs
  9 orcs
  7 endoplasms
  3 giant cockroaches
  11 hobgoblins
  4 jackals
  7 kobolds
  6 quokkas
  5 ball pythons
  2 bats
  A frilled lizard (D:1)
  8 goblins
  4 rats
107 creatures vanquished.

Vanquished Creatures (collateral kills)
  Jeremiah (D:7)
  A hornet (D:7)
  A steam dragon (D:8)
  A sky beast (D:7)
  A centaur (D:7)
  An ogre (D:5)
  A bullfrog (D:7)
  A scorpion (D:6)
  A howler monkey (D:5)
  A hound (D:6)
  An orc priest (D:8)
  Crazy Yiuf (D:3)
  4 iguanas
  A sleepcap (D:5)
  An orc wizard (D:5)
  3 gnolls (D:5)
  2 adders
  2 worms
  7 orcs
  2 ball pythons (D:4)
  2 giant cockroaches
  A goblin (D:4)
  2 bats (D:3)
  A frilled lizard (D:3)
40 creatures vanquished.

Vanquished Creatures (others)
  A knight (D:8)
  An ancestor (D:5)
2 creatures vanquished.

Grand Total: 149 creatures vanquished

Notes
Turn   | Place    | Note
-------+----------+-------------------------------------------
     0 | D:1      | javelincjr the Octopode Hedge Wizard began the quest for
                  | the Orb.
     0 | D:1      | Reached XP level 1. HP: 11/11 MP: 4/4
    96 | D:1      | Reached XP level 2. HP: 7/17 MP: 0/6
   105 | D:1      | Reached skill level 3 in Stealth
   228 | D:1      | Learned a level 2 spell: Call Imp
   231 | D:1      | Learned a level 2 spell: Blink
   385 | D:1      | Reached XP level 3. HP: 19/21 MP: 2/7
  1211 | D:2      | Found a faded altar of an unknown god.
  1756 | D:2      | Reached XP level 4. HP: 21/27 MP: 8/8
  1868 | D:2      | Noticed Sigmund
  1940 | D:2      | Upgraded the game from 0.31-a0-841-g038b102fc3 to
                  | 0.31-a0-844-gdc52ec4e09
  2329 | D:3      | Noticed Terence
  2398 | D:2      | Killed Terence
  2399 | D:2      | Reached XP level 5. HP: 12/31 MP: 1/10
  2481 | D:3      | Found a hazy altar of Hepliaklqana.
  2495 | D:3      | Became a worshipper of Hepliaklqana the Forgotten
  2574 | D:3      | Found a radiant altar of Vehumet.
  2998 | D:3      | Reached skill level 4 in Stealth
  3201 | D:3      | Found a runed translucent door.
  3202 | D:3      | Noticed Crazy Yiuf
  3357 | D:2      | Killed Sigmund
  3358 | D:2      | Reached XP level 6. HP: 18/36 MP: 6/11
  3430 | D:2      | Learned a level 1 spell: Slow
  3457 | D:3      | Killed Crazy Yiuf
  3776 | D:4      | Reached XP level 7. HP: 41/41 MP: 11/13
  4094 | D:4      | Found Peji's Weapon Shop.
  4277 | D:4      | Found a snail-covered altar of Cheibriados.
  4339 | D:4      | Reached skill level 5 in Stealth
  4528 | D:4      | Found a glowing silver altar of Zin.
  4529 | D:4      | Found an opulent altar of Gozag.
  4566 | D:4      | Found a blossoming altar of Fedhas.
  4571 | D:4      | Found a basalt altar of Yredelemnul.
  4663 | D:5      | Entered Level 5 of the Dungeon
  5322 | D:5      | Found Vyasch's Assorted Antiques.
  5483 | D:5      | Found a hide-covered altar of Uskayaw.
  5587 | D:5      | Reached * piety under Hepliaklqana
  5682 | D:5      | Reached XP level 8. HP: 31/41 MP: 11/14
  5949 | D:5      | Noticed Grinder
  5993 | D:5      | HP: 1/41 [water moccasin (7)]
  5995 | D:5      | Reached skill level 6 in Stealth
  6239 | D:5      | Found an ornate altar of the Wu Jian Council.
  6250 | D:5      | Found a shadowy altar of Dithmenos.
  6353 | D:5      | Killed Grinder
  6620 | D:5      | Bought a scroll labelled XIPSER LAIMOLAEG for 26 gold
                  | pieces
  6620 | D:5      | Bought a scroll labelled AWAKIS JAXEHO for 26 gold pieces
  6620 | D:5      | Bought a smoky black potion for 23 gold pieces
  6620 | D:5      | Bought a dark potion for 23 gold pieces
  6670 | D:6      | Identified the ring "Fesmoi" {Fly rElec Str+6 Dex-3 Stlth+}
  6767 | D:6      | Reached skill level 5 in Spellcasting
  6926 | D:6      | Found a white marble altar of Elyvilon.
  6967 | D:6      | Found Cofest's Book Emporium.
  7329 | D:6      | Reached skill level 7 in Stealth
  7329 | D:6      | Reached XP level 9. HP: 45/45 MP: 9/16
  7739 | D:7      | Reached skill level 5 in Dodging
  7807 | D:7      | Found a staircase to the Ecumenical Temple.
  7900 | D:7      | Reached ** piety under Hepliaklqana
  7901 | D:7      | Remembered your ancestor Henutmehyt as a knight
  8198 | D:7      | Noticed a hornet
  8310 | D:7      | Killed a hornet
  8311 | D:7      | Reached skill level 5 in Conjurations
  8391 | D:7      | Noticed Jeremiah
  8467 | Temple   | Entered the Ecumenical Temple
  8599 | D:7      | Killed Jeremiah
  8600 | D:7      | Reached skill level 5 in Summonings
  8600 | D:7      | Reached skill level 5 in Translocations
  8684 | D:7      | Reached skill level 8 in Stealth
  8837 | D:8      | Slain by a warg

Illustrated notes

Levels and vault maps discovered:
D:1:      minmay_arrival_four_loops, layout_basic
D:2:      layout_basic, dreamdust_ecumenical_altar_angels_and_demons,
          uniq_sigmund
D:3:      layout_basic, mainiacjoe_overflow_large_starburst,
          uniq_crazy_yiuf_cottage, uniq_terence
D:4:      layout_loops_ring, grunt_temple_overflow_gold_and_silver,
          mainiacjoe_overflow_boulevard, amethyst_overflow_temple_binary,
          serial_shops, nicolae_lakefront_shop
D:5:      layout_basic, jmf_multi_god_temple, mainiacjoe_overflow_alcove_2,
          serial_shops, shop, dk_noncrumbling_2, uniq_grinder
D:6:      layout_basic, general_overflow_altar, serial_shops,
          nicolae_shop_window_shopping
D:7:      layout_loops_cross, temple_pool_b, uniq_jeremiah
D:8:      layout_loops_ring, mainiacjoe_overflow_paths,
          mainiacjoe_overflow_surrounded_room, erik_lair_orcish_takeover,
          disabler_island
Temple:   hellmonk_temple_rainy

Skill      XL: |  1  2  3  4  5  6  7  8  9 |
---------------+----------------------------+-----
Stealth        | 3 4 5 7 8 |  8.3
Conjurations   | 2 3 4 5 |  5.5
Summonings     | 2 3 4 5 |  5.3
Translocations | 2 3 4 5 |  5.2
Dodging        | 3 4 5 |  5.7
Spellcasting   | 4 5 |  5.8

Action                     |  1- 3 |  4- 6 |  7- 9 || total
---------------------------+-------+-------+-------++-------
  Melee: Dagger            |    84 |    29 |       ||   113
         Constrict         |    22 |    24 |    24 ||    70
         Tentacles         |    18 |    10 |    23 ||    51
         Punch             |     2 |     1 |     3 ||     6
         Spear             |       |    70 |    55 ||   125
         Quarterstaff      |       |       |    43 ||    43
         Trident           |       |       |    54 ||    54
   Cast: Magic Dart        |    27 |    43 |    94 ||   164
         Call Imp          |    10 |    32 |    34 ||    76
         Blink             |       |     2 |     1 ||     3
         Slow              |       |     1 |     2 ||     3
 Invoke: Recall Ancestor   |       |       |     1 ||     1
         Ancestor Life: Kn |       |       |     1 ||     1
    Use: Potion            |       |     2 |     1 ||     3
         Scroll            |       |       |    15 ||    15
   Stab: Sleeping          |     5 |     4 |     4 ||    13
         Distracted        |       |       |     1 ||     1
 Armour: Skin              |    31 |    42 |    96 ||   169
  Dodge: Dodged            |    57 |    72 |   106 ||   235

Table legend: (Time is in decaauts)
 A = Elapsed time spent in this place.
 B = Non-inter-level travel time spent in this place.
 C = Inter-level travel time spent in this place.
 D = Time resting spent in this place.
 E = Time spent auto-exploring this place.
 F = Levels seen in this place.
 G = Mean time per level.
                   A        B        C        D        E       F      G
               +--------+--------+--------+--------+--------+-----+--------+
         Total |   8881 |   8629 |    252 |    790 |   6083 |   9 |  986.8 |
       Dungeon |   8762 |   8510 |    252 |    673 |   6083 |   8 | 1095.2 |
        Temple |    118 |    118 |      0 |    117 |      0 |   1 |  118.0 |
               +--------+--------+--------+--------+--------+-----+--------+

Top non-repeatable levels by time:
     D:5: 2007 daAuts
     D:2: 1503 daAuts
     D:1: 1139 daAuts
     D:4: 1115 daAuts
     D:6: 1057 daAuts
     D:7: 962 daAuts
     D:3: 918 daAuts
  Temple: 118 daAuts
     D:8: 58 daAuts
